BSA
SPRINGFIELD STARS @ KALAMAZOO ROYALE WITH CHEESE
09/29/2028
 
TOP OF THE 1ST
Springfield Stars batting - Pitching for Kalamazoo Royale with Cheese : RHP Frank Davis
Pitching: RHP Frank Davis
Batting: RHB Juan Rodríguez 0-0: Ball
1-0: Ground out 6-3 (Groundball, 6)
Batting: RHB Calvin Bennett 0-0: Ball
1-0: Called Strike
1-1: Ball
2-1: Fly out, F9 (Flyball, 9LMF)
Batting: RHB Norberto Taváres 0-0: Foul Ball, location: 2F
0-1: Called Strike
0-2: Ground out 1-3 (Groundball, P)
Top of the 1st over - 0 run(s), 0 hit(s), 0 error(s), 0 left on base; Springfield 0 - Kalamazoo 0
BOTTOM OF THE 1ST
Kalamazoo Royale with Cheese batting - Pitching for Springfield Stars : RHP Hyo-chin Ch'oe
Pitching: RHP Hyo-chin Ch'oe
Batting: LHB Javier Espinoza 0-0: Ball
1-0: Swinging Strike
1-1: Ball
2-1: Ball
3-1: Fly out, F7 (Flyball, 7D)
Batting: LHB Doyle Otterburn 0-0: Called Strike
0-1: Foul Ball, location: 2F
0-2: Ball
1-2: Ball
2-2: Foul Ball, location: 2F
2-2: Ball
3-2: Foul Ball, location: 2F
3-2: Ground out 4-3 (Groundball, 4)
Batting: LHB Tom Blake 0-0: Called Strike
0-1: Ball
1-1: Foul Ball, location: 2F
1-2: Foul Ball, location: 2F
1-2: Ball
2-2: Strikes out swinging
Bottom of the 1st over - 0 run(s), 0 hit(s), 0 error(s), 0 left on base; Springfield 0 - Kalamazoo 0
TOP OF THE 2ND
Springfield Stars batting - Pitching for Kalamazoo Royale with Cheese : RHP Frank Davis
Batting: LHB Felipe Guerrero 0-0: Called Strike
0-1: Foul Ball, location: 2F
0-2: Ball
1-2: Ground out 3-1 (Groundball, 34)
Batting: LHB Elliott Newell 0-0: Ball
1-0: Foul Ball, location: 2F
1-1: Swinging Strike
1-2: Ball
2-2: SOLO HOME RUN (Flyball, 78XD), Distance : 440 ft
Batting: SHB Shane Hutchinson 0-0: Ball
1-0: Foul Ball, location: 2F
1-1: Swinging Strike
1-2: SINGLE (Flyball, 8RS)
Batting: RHB Dave Henderson 0-0: Foul Ball, location: 2F
0-1: Swinging Strike
0-2: Ball
1-2: Ball
2-2: Ball
3-2: Strikes out swinging
Batting: RHB Will Sterling 0-0: Ball
1-0: Foul Ball, location: 2F
1-1: Ball
Shane Hutchinson steals 2nd base
2-1: Foul Ball, location: 2F
2-2: Strikes out swinging
Top of the 2nd over - 1 run(s), 2 hit(s), 0 error(s), 1 left on base; Springfield 1 - Kalamazoo 0
BOTTOM OF THE 2ND
Kalamazoo Royale with Cheese batting - Pitching for Springfield Stars : RHP Hyo-chin Ch'oe
Batting: LHB Donovan Bird 0-0: Ball
1-0: Ground out 4-3 (Groundball, 34)
Batting: LHB Roberto Sandoval 0-0: Foul Ball, location: 2F
0-1: Foul Ball, location: 2F
0-2: Foul Ball, location: 2F
0-2: Strikes out swinging
Batting: LHB Greg Schultz 0-0: Ground out 4-3 (Groundball, 34)
Bottom of the 2nd over - 0 run(s), 0 hit(s), 0 error(s), 0 left on base; Springfield 1 - Kalamazoo 0
TOP OF THE 3RD
Springfield Stars batting - Pitching for Kalamazoo Royale with Cheese : RHP Frank Davis
Batting: LHB Ryan Drake 0-0: Called Strike
0-1: Ground out 4-3 (Groundball, 4M)
Batting: RHB Juan Rodríguez 0-0: Called Strike
0-1: Foul Ball, location: 2F
0-2: Ball
1-2: Ground out 5-3 (Groundball, 5L)
Batting: RHB Calvin Bennett 0-0: Ball
1-0: Ball
2-0: Called Strike
2-1: Ball
3-1: SINGLE (Line Drive, 7S)
Batting: RHB Norberto Taváres 0-0: Called Strike
0-1: Foul Ball, location: 2F
0-2: Foul Ball, location: 2F
0-2: Strikes out swinging
Top of the 3rd over - 0 run(s), 1 hit(s), 0 error(s), 1 left on base; Springfield 1 - Kalamazoo 0
BOTTOM OF THE 3RD
Kalamazoo Royale with Cheese batting - Pitching for Springfield Stars : RHP Hyo-chin Ch'oe
Batting: LHB Bill McJannett 0-0: Ball
1-0: Foul Ball, location: 2F
1-1: Ball
2-1: Ground out 6-3 (Groundball, 6)
Batting: RHB Jorge Márquez 0-0: Ground out 5-3 (Groundball, 56)
Batting: SHB Caden Keith 0-0: Called Strike
0-1: Ball
1-1: Foul Ball, location: 2F
1-2: Ball
2-2: Ball
3-2: SINGLE (Groundball, 4D)
Batting: LHB Javier Espinoza 0-0: Ball
1-0: Swinging Strike
1-1: Ball
Caden Keith is caught stealing 2nd base
Bottom of the 3rd over - 0 run(s), 1 hit(s), 0 error(s), 0 left on base; Springfield 1 - Kalamazoo 0
TOP OF THE 4TH
Springfield Stars batting - Pitching for Kalamazoo Royale with Cheese : RHP Frank Davis
Batting: LHB Felipe Guerrero 0-0: DOUBLE (Line Drive, 9LM)
Batting: LHB Elliott Newell 0-0: Ball
1-0: Swinging Strike
1-1: Ball
2-1: Swinging Strike
2-2: Foul Ball, location: 2F
2-2: Strikes out looking
Batting: SHB Shane Hutchinson 0-0: Ball
1-0: Foul Ball, location: 2F
1-1: Ball
2-1: Foul Ball, location: 2F
2-2: Foul Ball, location: 2F
2-2: Ball
3-2: Fly out, F8 (Flyball, 8LXD)
Runner from 2nd tags up, SAFE at 3rd, no throw
Batting: RHB Dave Henderson 0-0: Called Strike
0-1: SINGLE (Line Drive, 8LS)
Felipe Guerrero scores
Batting: RHB Will Sterling 0-0: Ball
1-0: Foul Ball, location: 2F
1-1: Ball
2-1: Foul Ball, location: 2F
2-2: Foul Ball, location: 2F
2-2: Foul Ball, location: 2F
2-2: Fielders Choice at 2nd, 4-6 (Groundball, 4)
Top of the 4th over - 1 run(s), 2 hit(s), 0 error(s), 0 left on base; Springfield 2 - Kalamazoo 0
BOTTOM OF THE 4TH
Kalamazoo Royale with Cheese batting - Pitching for Springfield Stars : RHP Hyo-chin Ch'oe
Batting: LHB Javier Espinoza 0-0: Swinging Strike
0-1: Reached on error, E3 (Groundball, 34)
Batting: LHB Doyle Otterburn 0-0: Ball
1-0: Called Strike
1-1: Foul Ball, location: 2F
1-2: Strikes out swinging
Batting: LHB Tom Blake 0-0: Called Strike
0-1: SINGLE (Line Drive, 4D)
Javier Espinoza to second
Batting: LHB Donovan Bird 0-0: Called Strike
0-1: Ball
1-1: 3-RUN HOME RUN (Flyball, 9LD), Distance : 374 ft
Batting: LHB Roberto Sandoval 0-0: Ground out 4-3 (Groundball, 4)
Batting: LHB Greg Schultz 0-0: Ball
1-0: Ball
2-0: Foul Ball, location: 2F
2-1: Ball
3-1: Base on Balls
Batting: LHB Bill McJannett 0-0: Ball
1-0: Called Strike
1-1: Foul Ball, location: 2F
1-2: Ball
2-2: Ball
3-2: DOUBLE (Line Drive, 78M)
Greg Schultz to third
Greg Schultz scores
Batting: RHB Jorge Márquez 0-0: Ball
1-0: Ground out 5-3 (Groundball, 56)
Bottom of the 4th over - 4 run(s), 3 hit(s), 1 error(s), 1 left on base; Springfield 2 - Kalamazoo 4
TOP OF THE 5TH
Springfield Stars batting - Pitching for Kalamazoo Royale with Cheese : RHP Frank Davis
Batting: LHB Ryan Drake 0-0: Fly out, F7 (Flyball, 78M)
Batting: RHB Juan Rodríguez 0-0: Ball
1-0: Ball
2-0: Ball
3-0: Base on Balls
Batting: RHB Calvin Bennett 0-0: Called Strike
0-1: Called Strike
0-2: Ball
1-2: Foul Ball, location: 2F
1-2: Ball
2-2: Foul Ball, location: 2F
2-2: Ball
Juan Rodríguez steals 2nd base
3-2: Foul Ball, location: 2F
3-2: Foul Ball, location: 2F
3-2: Ground out 5-3 (Groundball, 25)
Juan Rodríguez to third
Batting: RHB Norberto Taváres 0-0: Ball
1-0: Ball
2-0: Foul Ball, location: 2F
2-1: Ball
3-1: Swinging Strike
3-2: Ground out 6-3 (Groundball, 6)
Top of the 5th over - 0 run(s), 0 hit(s), 0 error(s), 1 left on base; Springfield 2 - Kalamazoo 4
BOTTOM OF THE 5TH
Kalamazoo Royale with Cheese batting - Pitching for Springfield Stars : RHP Hyo-chin Ch'oe
Batting: SHB Caden Keith 0-0: Called Strike
0-1: Foul Ball, location: 2F
0-2: Ball
1-2: Ball
2-2: Foul Ball, location: 2F
2-2: Foul Ball, location: 2F
2-2: Ball
3-2: Foul Ball, location: 2F
3-2: Ground out 6-3 (Groundball, 6)
Batting: LHB Javier Espinoza 0-0: Ball
1-0: Swinging Strike
1-1: Ball
2-1: Ball
3-1: SINGLE (Line Drive, 56D)
Batting: LHB Doyle Otterburn 0-0: Ball
1-0: Ball
2-0: Ball
3-0: Called Strike
3-1: Foul Ball, location: 2F
3-2: Foul Ball, location: 2F
3-2: Base on Balls
Javier Espinoza to second
Batting: LHB Tom Blake 0-0: Called Strike
0-1: Ball
1-1: Called Strike
1-2: Foul Ball, location: 2F
1-2: Ball
2-2: Strikes out swinging
Batting: LHB Donovan Bird 0-0: Called Strike
0-1: Ball
1-1: Called Strike
1-2: Ball
2-2: Foul Ball, location: 2F
2-2: Fly out, F8 (Flyball, 8RD)
Bottom of the 5th over - 0 run(s), 1 hit(s), 0 error(s), 2 left on base; Springfield 2 - Kalamazoo 4
TOP OF THE 6TH
Springfield Stars batting - Pitching for Kalamazoo Royale with Cheese : RHP Frank Davis
Pitching: RHP Enrique Aguilera
Batting: LHB Felipe Guerrero 0-0: Called Strike
0-1: Ball
1-1: Ball
2-1: Ball
3-1: Called Strike
3-2: Foul Ball, location: 2F
3-2: Strikes out swinging
Batting: LHB Elliott Newell 0-0: Ball
1-0: Called Strike
1-1: Foul Ball, location: 2F
1-2: Strikes out swinging
Batting: SHB Shane Hutchinson 0-0: Called Strike
0-1: Foul Ball, location: 2F
0-2: SINGLE (Groundball, P) (infield hit)
Batting: RHB Dave Henderson 0-0: Swinging Strike
0-1: Called Strike
0-2: Ball
1-2: Foul Ball, location: 2F
1-2: Ball
2-2: Strikes out swinging
Top of the 6th over - 0 run(s), 1 hit(s), 0 error(s), 1 left on base; Springfield 2 - Kalamazoo 4
BOTTOM OF THE 6TH
Kalamazoo Royale with Cheese batting - Pitching for Springfield Stars : RHP Hyo-chin Ch'oe
Pitching: RHP Jorge Delgado
Batting: LHB Roberto Sandoval 0-0: Called Strike
0-1: Foul Ball, location: 2F
0-2: Ground out 4-3 (Groundball, 4M)
Batting: LHB Greg Schultz 0-0: Ball
1-0: SINGLE (Groundball, 4MD)
Batting: LHB Bill McJannett 0-0: Ball
1-0: Called Strike
1-1: Ball
2-1: Ball
3-1: Ground out U3 (Groundball, 34S)
Greg Schultz to second
Batting: RHB Jorge Márquez 0-0: Ball
1-0: Called Strike
1-1: Fly out, F8 (Line Drive, 8RM)
Bottom of the 6th over - 0 run(s), 1 hit(s), 0 error(s), 1 left on base; Springfield 2 - Kalamazoo 4
TOP OF THE 7TH
Springfield Stars batting - Pitching for Kalamazoo Royale with Cheese : RHP Enrique Aguilera
Batting: RHB Will Sterling 0-0: Foul Ball, location: 2F
0-1: Ground out 5-3 (Groundball, 5)
Batting: LHB Ryan Drake 0-0: Foul Ball, location: 2F
0-1: Swinging Strike
0-2: Ball
1-2: Ball
2-2: Ball
3-2: Ground out 6-3 (Groundball, 6)
Batting: RHB Juan Rodríguez 0-0: Ball
1-0: Swinging Strike
1-1: Ball
2-1: Ball
3-1: Called Strike
3-2: Ground out 6-3 (Groundball, 6)
Top of the 7th over - 0 run(s), 0 hit(s), 0 error(s), 0 left on base; Springfield 2 - Kalamazoo 4
BOTTOM OF THE 7TH
Kalamazoo Royale with Cheese batting - Pitching for Springfield Stars : RHP Jorge Delgado
Batting: SHB Caden Keith 0-0: Foul Ball, location: 2F
0-1: Ball
1-1: Ball
2-1: Foul Ball, location: 2F
2-2: Foul Ball, location: 2F
2-2: SINGLE (Groundball, 34D)
Batting: LHB Javier Espinoza Balk!
Caden Keith to second
0-0: Ball
1-0: Called Strike
1-1: Ball
2-1: Ball
3-1: Swinging Strike
3-2: Foul Ball, location: 2F
3-2: Foul Ball, location: 2F
3-2: Strikes out swinging
Pitching: LHP Shan Liu
Batting: LHB Doyle Otterburn 0-0: Ball
1-0: Ball
2-0: Foul Ball, location: 2F
2-1: Ball
3-1: Called Strike
3-2: Ground out 1-3 (Groundball, 13S)
Caden Keith to third
Batting: LHB Tom Blake 0-0: Ball
1-0: Called Strike
Steal of home, Caden Keith is out
Bottom of the 7th over - 0 run(s), 1 hit(s), 0 error(s), 0 left on base; Springfield 2 - Kalamazoo 4
TOP OF THE 8TH
Springfield Stars batting - Pitching for Kalamazoo Royale with Cheese : RHP Enrique Aguilera
Batting: RHB Calvin Bennett 0-0: Ball
1-0: Ball
2-0: Fly out, F9 (Flyball, 89S)
Batting: RHB Norberto Taváres 0-0: Foul Ball, location: 2F
0-1: Foul Ball, location: 2F
0-2: Ball
1-2: Ball
2-2: Ball
3-2: Fly out, F4 (Popup, 4S)
Batting: LHB Felipe Guerrero 0-0: Ball
1-0: Ball
2-0: Foul Ball, location: 2F
2-1: Foul Ball, location: 2F
2-2: SINGLE (Groundball, 4MD)
Pitching: LHP Carlos Thomas
Batting: LHB Elliott Newell 0-0: Ball
1-0: Ball
2-0: Ball
3-0: Base on Balls
Felipe Guerrero to second
Pitching: RHP Armen Boyajian
Batting: SHB Shane Hutchinson 0-0: Ball
1-0: Foul Ball, location: 2F
1-1: Foul Ball, location: 2F
1-2: Foul Ball, location: 2F
1-2: Foul Ball, location: 2F
1-2: Ball
2-2: Foul Ball, location: 2F
2-2: Ground out U3 (Groundball, 34)
Top of the 8th over - 0 run(s), 1 hit(s), 0 error(s), 2 left on base; Springfield 2 - Kalamazoo 4
BOTTOM OF THE 8TH
Kalamazoo Royale with Cheese batting - Pitching for Springfield Stars : LHP Shan Liu
Batting: LHB Tom Blake 0-0: Ball
1-0: Swinging Strike
1-1: Foul Ball, location: 2F
1-2: Ground out U3 (Groundball, 3S)
Pitching: RHP Luis Cortéz
Batting: LHB Donovan Bird 0-0: Foul Ball, location: 2F
0-1: Ball
1-1: Ball
2-1: Swinging Strike
2-2: Foul Ball, location: 2F
2-2: Ball
3-2: Ground out 3-1 (Groundball, 34S)
Batting: LHB Roberto Sandoval 0-0: Called Strike
0-1: Ball
1-1: Foul Ball, location: 2F
1-2: Ball
2-2: Foul Ball, location: 2F
2-2: SINGLE (Line Drive, 56D)
Batting: LHB Greg Schultz 0-0: Ball
1-0: SINGLE (Line Drive, 56D)
Roberto Sandoval to second
Batting: LHB Bill McJannett 0-0: 3-RUN HOME RUN (Flyball, 8LXD), Distance : 438 ft
Batting: RHB Jorge Márquez 0-0: Ball
1-0: Hit by Pitch, AND HE CHARGES THE MOUND! The benches clear!
Pitching: LHP Jorge Aybar
Pinch Runner at 1st Bob Noble:
Batting: SHB Caden Keith 0-0: Swinging Strike
0-1: Foul Ball, location: 2F
0-2: Ball
1-2: Ground out 6-3 (Groundball, 6)
Bottom of the 8th over - 3 run(s), 3 hit(s), 0 error(s), 1 left on base; Springfield 2 - Kalamazoo 7
TOP OF THE 9TH
Springfield Stars batting - Pitching for Kalamazoo Royale with Cheese : RHP Armen Boyajian
Now at SS: Bob Noble
Batting: RHB Dave Henderson 0-0: Ball
1-0: Foul Ball, location: 2F
1-1: Ball
2-1: DOUBLE (Flyball, 9D)
Batting: RHB Will Sterling 0-0: Ball
1-0: Ball
Wild Pitch!
Dave Henderson to third
2-0: Called Strike
2-1: Swinging Strike
2-2: Ground out 5-3 (Groundball, 56S)
Dave Henderson scores
Batting: LHB Ryan Drake 0-0: SINGLE (Groundball, 4D)
Batting: RHB Juan Rodríguez 0-0: Foul Ball, location: 2F
0-1: Ball
1-1: Ball
2-1: Ball
3-1: Base on Balls
Ryan Drake to second
Pitching: RHP José Ruíz
Batting: RHB Calvin Bennett 0-0: Ball
1-0: Ball
2-0: Fly out, F3 (Line Drive, 3)
Batting: RHB Norberto Taváres 0-0: Ball
1-0: Ball
2-0: Ball
3-0: Called Strike
3-1: Base on Balls
Ryan Drake to third
Juan Rodríguez to second
Batting: LHB Felipe Guerrero 0-0: Ball
1-0: Ball
2-0: Foul Ball, location: 2F
2-1: Ball
3-1: Foul Ball, location: 2F
3-2: Ground out 3-1 (Groundball, 34)
Top of the 9th over - 1 run(s), 2 hit(s), 0 error(s), 3 left on base; Springfield 3 - Kalamazoo 7
Tuesday, August 8th, 2017 - OOTP Baseball 17.12 Build 75